 Dungeon Crawl Stone Soup version 0.30.0-29-ga12c61a403 (webtiles) character file.

Game seed: 11177934211024895597

156 cheesebisquit the Shooter (level 5, 0/30 HPs)
             Began as a Gargoyle Hunter on June 4, 2023.
             Killed from afar by Ijyb (9 damage)
             ... with a puff of flame
             ... on level 3 of the Dungeon.
             The game lasted 00:06:21 (1789 turns).

cheesebisquit the Shooter (Gargoyle Hunter)         Turns: 1789, Time: 00:06:21

Health: 0/30       AC:  9    Str: 18    XL:     5   Next: 37%
Magic:  5/5        EV: 11    Int:  9    God:
Gold:   97         SH:  4    Dex: 14    Spells: 4/4 levels left

rFire   . . .        a - +0 shortbow
rCold   . . .        (shield currently unavailable)
rNeg    + . .        p - +0 ring mail
rPois   ∞            (helmet restricted)
rElec   +            (no cloak)
rCorr   .            (no gloves)
SInv    .            (no boots)
Will    .....        (no amulet)
Stlth   ++           (no ring)
HPRegen 0.25/turn    (no ring)
MPRegen 0.09/turn

%: no passive effects
@: no status effects
A: sickness immunity, AC +4, negative energy resistance 1, electricity
resistance, torment resistance 1, petrification resistance, horns 1, large bone
plates 1, camouflage 1, strong 1
a: no special abilities


You were on level 3 of the Dungeon.
You visited 1 branch of the dungeon, and saw 3 of its levels.

You collected 97 gold pieces.

Inventory:

Hand Weapons
 a - a +0 shortbow (weapon)
Armour
 c - a +0 leather armour
 p - a +0 ring mail (worn)
Scrolls
 b - 3 scrolls of immolation
 d - 4 scrolls of identify {unknown}
 e - a scroll of teleportation {unknown}
 h - 3 scrolls of amnesia {unknown}
 i - 3 scrolls of noise {unknown}
 j - a scroll of enchant armour {unknown}
 m - a scroll of magic mapping {unknown}
 n - a scroll of vulnerability {unknown}
 o - a scroll of fog {unknown}
Potions
 f - a potion of curing {unknown}
 g - 2 potions of haste {unknown}
 k - a potion of magic {unknown}
 l - a potion of attraction {unknown}


   Skills:
 - Level 2.1 Fighting
 + Level 6.5 Ranged Weapons
 - Level 1.5 Dodging
 - Level 1.1 Stealth


You had 4 spell levels left.
You didn't know any spells.
Your spell library contained the following spells:

 Spells                   Type           Power      Damage    Failure   Level
 Slow                     Hex            0%         N/A       58%         1
 Confusing Touch          Hex            0%         N/A       91%         3
 Vampiric Draining        Necr           0%         2d6       91%         3


Dungeon Overview and Level Annotations

Branches:
Dungeon (3/15)

Altars:

Annotations:
D:3 Ijyb


Innate Abilities, Weirdness & Mutations

You are immune to sickness and miasma.
Your stone body is resilient. (AC +4)
You are immune to poison.
You resist negative energy. (rN+)
You are resistant to electric shocks. (rElec)
You are resistant to unholy torment.
You are immune to petrification.
You have a pair of small horns on your head.
You are partially covered in large bone plates. (SH +4)
Your skin changes colour to match your surroundings (Stealth+).
Your muscles are strong. (Str +4, Int/Dex -1)


Message History

You shoot an arrow. The arrow closely misses Ijyb.
Ijyb zaps a wand.
The puff of flame hits you!
You shoot an arrow. The arrow hits Ijyb but does no damage.
Ijyb screams, "No!
No, no, no, no!"
You shoot an arrow. The arrow hits Ijyb.
Ijyb is moderately wounded.
You shoot an arrow. The arrow barely misses Ijyb.
You shoot an arrow. The arrow hits Ijyb but does no damage.
Ijyb is moderately wounded.
You shoot an arrow. The arrow closely misses Ijyb.
Ijyb hits you with a +0 club.
You shoot an arrow. The arrow barely misses Ijyb.
Ijyb closely misses you. Ijyb hits you with a +0 club.
Okay, then.
Okay, then.
You shoot an arrow. The arrow closely misses Ijyb.
Ijyb hits you but does no damage.
You shoot an arrow. The arrow closely misses Ijyb.
Ijyb zaps a wand.
The puff of flame misses you.
You shoot an arrow. The arrow hits Ijyb!
Ijyb is heavily wounded.
Ijyb zaps a wand.
The puff of flame hits you!
* * * LOW HITPOINT WARNING * * *
You shoot an arrow. The arrow hits Ijyb.
Ijyb is severely wounded.
Ijyb zaps a wand.
You block the puff of flame.
Ijyb zaps a wand.
The puff of flame hits you but does no damage.
You shoot an arrow. The arrow barely misses Ijyb.
Ijyb hits you but does no damage.
You shoot an arrow. The arrow misses Ijyb.
Ijyb barely misses you.
You shoot an arrow. The arrow hits Ijyb but does no damage.
Ijyb is severely wounded.
Ijyb closely misses you.
You shoot an arrow. The arrow hits Ijyb.
Ijyb is almost dead.
Ijyb hits you but does no damage.
Ijyb zaps a wand.
The puff of flame hits you but does no damage.
You shoot an arrow. The arrow closely misses Ijyb.
Ijyb zaps a wand.
The puff of flame hits you!
You die...

...
#.#
...
#.#
#.#
#.#
#g#
#@#
###


You could see Ijyb.

Vanquished Creatures
  Jessica (D:2)
  9 adders (D:2)
  4 endoplasms
  2 goblins
  4 hobgoblins
  8 jackals (D:1)
  7 kobolds
  7 ball pythons
  3 bats (D:1)
  3 rats
48 creatures vanquished.

Notes
Turn   | Place    | Note
-------+----------+-------------------------------------------
     0 | D:1      | cheesebisquit the Gargoyle Hunter began the quest for the
                  | Orb.
     0 | D:1      | Reached XP level 1. HP: 12/12 MP: 1/1
    37 | D:2      | Reached XP level 2. HP: 2/17 MP: 2/2
   278 | D:1      | Gained mutation: You are partially covered in large bone
                  | plates. (SH +4) [potion of mutation]
   278 | D:1      | Gained mutation: Your muscles are strong. (Str +4, Int/Dex
                  | -1) [potion of mutation]
   278 | D:1      | Gained mutation: You have a pair of small horns on your
                  | head. [potion of mutation]
   278 | D:1      | Gained mutation: Your skin changes colour to match your
                  | surroundings (Stealth+). [potion of mutation]
   703 | D:1      | Reached XP level 3. HP: 21/21 MP: 3/3
   733 | D:1      | Reached skill level 5 in Ranged Weapons
  1267 | D:2      | Reached XP level 4. HP: 22/26 MP: 4/4
  1310 | D:2      | Noticed Jessica
  1314 | D:2      | Killed Jessica
  1404 | D:2      | Reached skill level 6 in Ranged Weapons
  1456 | D:2      | Reached XP level 5. HP: 30/30 MP: 5/5
  1772 | D:3      | Noticed Ijyb
  1789 | D:3      | Killed from afar by Ijyb

Illustrated notes

Levels and vault maps discovered:
D:1:      dpeg_arrival_pits, layout_rooms, glass_columns_b
D:2:      layout_rooms, minmay_snake_closets, uniq_jessica
D:3:      layout_basic, mainiacjoe_overflow_two_lobes, ebering_ghost_sewer_f,
          uniq_ijyb

Skill      XL: |  1  2  3  4 |
---------------+-------------+-----
Ranged Weapons | 5 6 |  6.5
Fighting       | |  2.1
Dodging        | |  1.5
Stealth        | |  1.1

Action                     |  1- 3 |  4- 6 || total
---------------------------+-------+-------++-------
   Fire: Shortbow          |   112 |    68 ||   180
    Use: Scroll            |     1 |       ||     1
         Potion            |     1 |       ||     1
 Armour: Leather armour    |    27 |    16 ||    43
         Ring mail         |       |     5 ||     5
  Dodge: Dodged            |    47 |    27 ||    74
  Block: Other             |     7 |     7 ||    14
